 Dungeon Crawl Stone Soup version 0.31-a0-1611-g890cdf5 (webtiles) character file.

Game seed: 1161422147522665473

854 PublicAnimeNo1 the Trooper (level 7, 0/60 HPs)
             Began as a Demonspawn Berserker on Jan 8, 2024.
             Was a Believer of Trog.
             Incinerated by a bombardier beetle (4 damage)
             ... with a burning spray
             ... on level 4 of the Dungeon.
             The game lasted 00:05:42 (2622 turns).

PublicAnimeNo1 the Trooper (Demonspawn Berserker)   Turns: 2622, Time: 00:05:43

Health: 0/60       AC:  5    Str: 25    XL:     7   Next: 70%
Magic:  7/7        EV: 11    Int: 10    God:    Trog [**....]
Gold:   124        SH:  0    Dex: 12    Spells: 6/6 levels left

rFire   . . .        u - +2 hand axe (heavy)
rCold   . . .        (no shield)
rNeg    . . .        y - +0 ring mail {rPois}
rPois   +            (helmet restricted)
rElec   .            (no cloak)
rCorr   .            (no gloves)
SInv    .            (no boots)
Will    ++...        (no amulet)
Stlth   +            f - +6 ring of strength
HPRegen 1.30/turn    (no ring)
MPRegen 0.10/turn

%: no passive effects
@: on fire, strong-willed, regenerating, glowing
A: horns 1, spiny 2, big brain 1
a: Renounce Religion, Berserk, Trog's Hand


You were on level 4 of the Dungeon.
You worshipped Trog.
Trog was pleased with you.
You visited 1 branch of the dungeon, and saw 4 of its levels.

You collected 228 gold pieces.
You spent 104 gold pieces at shops.

Inventory:

Hand Weapons
 r - a +2 whip of electrocution
 u - a +2 heavy hand axe (weapon)
Armour
 y - a +0 ring mail of poison resistance (worn)
Jewellery
 f - a +6 ring of strength (left hand)
Wands
 h - a wand of mindburst (8)
 w - a wand of paralysis (7)
Scrolls
 a - a scroll of revelation {unknown}
 k - a scroll of enchant weapon {unknown}
 m - a scroll of enchant armour {unknown}
 n - a scroll of poison {unknown}
 o - a scroll of amnesia {unknown}
 p - a scroll of acquirement {unknown}
 q - 2 scrolls of noise {unknown}
Potions
 b - 2 potions of ambrosia {unknown}
 d - 3 potions of curing
 e - a potion of cancellation
 i - a potion of enlightenment {unknown}
 j - 2 potions of resistance {unknown}
 l - 2 potions of might
 s - a potion of berserk rage {unknown}
 t - a potion of heal wounds {unknown}
 v - 2 potions of lignification {unknown}
 x - a potion of invisibility {unknown}


   Skills:
 + Level 7.5 Fighting
 * Level 4.1 Axes
 + Level 2.7 Armour
 + Level 2.7 Dodging
 + Level 2.0 Evocations


You had 6 spell levels left.
You didn't know any spells.
Your spell library was empty.

Dungeon Overview and Level Annotations

Branches:
Dungeon (4/15)
 Temple: D:4-7

Altars:
Trog
Xom

Shops:
D:4 !*

Annotations:
D:3 1 runed translucent door, PidgeyThePirate's ghost, amateur DsCK


Innate Abilities, Weirdness & Mutations

You have a pair of small horns on your head.
You are mostly covered in sharp spines.
You have an unusually large brain. (Int +2)


Message History

The bombardier beetle bites you but does no damage.
You shake off some of the fire as you move.
The liquid fire burns you!
You shake off the liquid fire.
The bombardier beetle sprays incendiary fluid at you.
The burning spray hits you.
You are covered in liquid fire!
Things that are here:
a +0 dagger; 2 boomerangs You hit the bombardier beetle.
You kill the bombardier beetle!
Trog accepts your kill. The liquid fire burns you!
You hit the orc.
The orc is heavily wounded.
The liquid fire burns you! The orc hits you but does no damage.
The orc priest miscasts a cantrip.
The orc hits you with a +0 club.
You closely miss the orc.
The orc is heavily wounded.
The liquid fire burns you!
The orc priest mumbles some strange prayers to Beogh against you.
Beogh smites you!
* * * LOW HITPOINT WARNING * * *
The orc hits you with a +0 club.
* * * LOW HITPOINT WARNING * * *
The orc hits you with a +0 club.
* * * LOW HITPOINT WARNING * * *
You shake off some of the fire as you move.
The liquid fire burns you!
* * * LOW HITPOINT WARNING * * *
The orc attacks as it pursues you! The orc is struck by your spines.
You kill the orc!
Trog accepts your kill.
Okay, then.
Your skin crawls.
You feel strong-willed. The liquid fire burns you!
You die...

##########
#.oo.o)@.#
...######.#
#># ###.####
#......#
#.#.##.# ###
#.#..#.#
...###.##.#.#
............#


You could see an orc priest and 2 orcs.

Vanquished Creatures
  Grinder (D:3)
  A water moccasin (D:4)
  A centaur (D:4)
  2 jellies
  A bombardier beetle (D:4)
  A gnoll bouda (D:4)
  2 orc priests (D:4)
  Ijyb (D:3)
  Natasha (thrice) (D:3)
  An orc wizard (D:4)
  Robin (D:3)
  4 gnolls (D:4)
  3 adders (D:4)
  3 dart slugs (D:1)
  2 ribbon worms (D:2)
  9 orcs
  7 ball pythons
  5 endoplasms
  3 giant cockroaches (D:1)
  12 goblins
  10 hobgoblins
  3 quokkas
  3 bats
  2 frilled lizards (D:1)
  3 kobolds
  6 rats
90 creatures vanquished.

Notes
Turn   | Place    | Note
-------+----------+-------------------------------------------
     0 | D:1      | PublicAnimeNo1 the Demonspawn Berserker began the quest for
                  | the Orb.
     0 | D:1      | Reached XP level 1. HP: 18/18 MP: 1/1
    30 | D:1      | Found a bloodstained altar of Trog.
    87 | D:1      | Gained mutation: You have an unusually large brain. (Int
                  | +2) [demonic ancestry]
    87 | D:1      | Reached XP level 2. HP: 21/24 MP: 2/2
   284 | D:1      | Reached skill level 4 in Fighting
   360 | D:1      | Gained mutation: You are partially covered in sharp spines.
                  | [demonic ancestry]
   360 | D:1      | Reached XP level 3. HP: 27/30 MP: 3/3
   533 | D:1      | Reached ** piety under Trog
  1143 | D:3      | Noticed Grinder
  1147 | D:3      | Paralysed by Grinder for 3 turns
  1153 | D:3      | Killed Grinder
  1154 | D:3      | Reached skill level 6 in Fighting
  1154 | D:3      | Reached XP level 4. HP: 25/41 MP: 4/4
  1154 | D:3      | Gained mutation: You are mostly covered in sharp spines.
                  | [demonic ancestry]
  1154 | D:3      | Reached XP level 5. HP: 29/47 MP: 5/5
  1296 | D:3      | Noticed Robin
  1298 | D:3      | Noticed Ijyb
  1314 | D:3      | Killed Ijyb
  1315 | D:3      | Gained mutation: You have a pair of small horns on your
                  | head. [demonic ancestry]
  1315 | D:3      | Reached XP level 6. HP: 28/53 MP: 6/6
  1318 | D:3      | Killed Robin
  1447 | D:3      | Noticed Natasha
  1453 | D:3      | Killed Natasha
  1454 | D:3      | Reached skill level 7 in Fighting
  1470 | D:3      | Found a runed translucent door.
  1470 | D:3      | Noticed PidgeyThePirate's ghost (amateur DsCK)
  1484 | D:3      | Noticed Natasha
  1490 | D:3      | Killed Natasha
  1661 | D:3      | Noticed Natasha
  1665 | D:3      | Killed Natasha
  2114 | D:4      | Reached skill level 1 in Evocations
  2220 | D:4      | Reached XP level 7. HP: 60/60 MP: 7/7
  2236 | D:4      | Found Fewi's Serpentskin Sales.
  2345 | D:4      | Bought a +0 ring mail of poison resistance for 104 gold
                  | pieces
  2459 | D:4      | Found Wosew's Distillery.
  2519 | D:4      | Found a shimmering altar of Xom.
  2621 | D:4      | HP: 3/60 [burnt (4)]
  2622 | D:4      | Incinerated by a bombardier beetle

Illustrated notes

Levels and vault maps discovered:
D:1:      dpeg_arrival_lava_altar, layout_basic, serial_bayou_lagoon_b
D:2:      layout_basic
D:3:      wad_pebble_path, layout_basic, hellmonk_ghost_happy_afterlife,
          serial_corexii_hall, corexii_hall_statues_i,
          chequers_hall_statues_corner_a, corexii_hall_statues_l,
          corexii_hall_statues_s, corexii_hall_statues_l, uniq_ijyb,
          uniq_grinder, uniq_natasha, uniq_robin
D:4:      layout_loops_cross, grunt_temple_overflow_opulence, led_xom_imps,
          mainiacjoe_overflow_paths, serial_shops, nicolae_shop_tiny_glass,
          serial_library_hellmonk_hallway_a, guppyfry_shop_venom

Skill      XL: |  1  2  3  4  5  6  7 |
---------------+----------------------+-----
Fighting       | 4 6 7 |  7.5
Axes           | 3 4 |  4.1
Armour         | 2 |  2.7
Dodging        | 2 |  2.7
Evocations     | 1 2 |  2.0

Action                     |  1- 3 |  4- 6 |  7- 9 || total
---------------------------+-------+-------+-------++-------
  Melee: Hand axe          |   100 |    49 |    19 ||   168
         Headbutt          |       |     4 |     2 ||     6
 Invoke: Berserk           |     1 |     1 |     1 ||     3
         Trog's Hand       |       |     1 |     2 ||     3
    Use: Scroll            |     4 |       |       ||     4
 Armour: Animal skin       |    31 |       |       ||    31
         Ring mail         |    27 |    46 |    22 ||    95
  Dodge: Dodged            |    74 |    27 |     9 ||   110

Table legend: (Time is in decaauts)
 A = Elapsed time spent in this place.
 B = Non-inter-level travel time spent in this place.
 C = Inter-level travel time spent in this place.
 D = Time resting spent in this place.
 E = Time spent auto-exploring this place.
 F = Levels seen in this place.
 G = Mean time per level.
                   A        B        C        D        E       F      G
               +--------+--------+--------+--------+--------+-----+--------+
         Total |   2700 |   2632 |     68 |    127 |   2001 |   4 |  675.0 |
       Dungeon |   2700 |   2632 |     68 |    127 |   2001 |   4 |  675.0 |
               +--------+--------+--------+--------+--------+-----+--------+

Top non-repeatable levels by time:
     D:3: 953 daAuts
     D:1: 605 daAuts
     D:4: 590 daAuts
     D:2: 550 daAuts
